 Dungeon Crawl Stone Soup version 0.27.1-33-g824d729ab1 (webtiles) character file.

Game seed: 13289352266091829873

29 alasdair19 the Shield-Bearer (level 3, -1/33 HPs)
             Began as a Minotaur Fighter on Dec 9, 2021.
             Slain by a kobold (5 damage)
             ... on level 2 of the Dungeon.
             The game lasted 00:01:49 (681 turns).

alasdair19 the Shield-Bearer (Minotaur Fighter)      Turns: 681, Time: 00:01:51

Health: -1/33      AC:  9    Str: 20    XL:     3   Next: 1%
Magic:  2/2        EV:  2    Int:  6    God:
Gold:   23         SH:  9    Dex:  9    Spells: 2/2 levels left

rFire    . . .     SeeInvis .   a - +0 long sword
rCold    . . .     Faith    .   c - +0 kite shield
rNeg     . . .     Spirit   .   g - +0 chain mail
rPois    .         Reflect  .   (helmet restricted)
rElec    .         Harm     .   (no cloak)
rCorr    .         Rampage  .   (no gloves)
Will     .....                  (no boots)
Stlth    ..........             (no amulet)
HPRegen  0.11/turn              (no ring)
MPRegen  0.08/turn              (no ring)

@: lethally poisoned (-1 -> -4), constricted
A: horns 2, retaliatory headbutt
a: no special abilities


You were on level 2 of the Dungeon.
You visited 1 branch of the dungeon, and saw 2 of its levels.

You collected 23 gold pieces.

Inventory:

Hand Weapons
 a - a +0 long sword (weapon)
Armour
 b - a +0 scale mail
 c - a +0 kite shield (worn)
 g - a +0 chain mail (worn)
Scrolls
 i - a scroll of identify {unknown}
Potions
 d - a potion of might
 e - a potion of cancellation {unknown}
 f - a potion of heal wounds {unknown}
 h - a potion of lignification {unknown}


   Skills:
 + Level 4.0 Fighting
 + Level 2.9 Long Blades
 + Level 4.1 Armour
 + Level 4.1 Shields


You had 2 spell levels left.
You didn't know any spells.
Your spell library contained the following spells:

 Spells                   Type           Power      Damage    Failure   Level
 Passwall                 Tmut/Erth      0%         N/A       100%        2
 Swiftness                Air            0%         N/A       100%        3
 Invisibility             Hex            0%         N/A       100%        6


Dungeon Overview and Level Annotations

Branches:
Dungeon (2/15)

Altars:


Innate Abilities, Weirdness & Mutations

You have a pair of horns on your head.
You reflexively headbutt those who attack you in melee.


Message History

The adder poisons you! The kobold hits you but does no damage.
The ball python bites you but does no damage.
The ball python grabs you. The ball python constricts you.
You block the adder's attack. You block the kobold's attack.
Your chain mail prevents you from hitting the adder.
You feel sick. The ball python bites you. The ball python constricts you.
The adder bites you. The kobold completely misses you.
You riposte.
You closely miss the kobold.
The ball python bites you but does no damage.
The ball python constricts you. You block the adder's attack.
You miss the adder.
You feel sick.
The ball python bites you but does no damage.
The ball python constricts you. You block the adder's attack.
You block the kobold's attack.
The ball python bites you but does no damage.
The ball python constricts you.
The kobold hits you with a +0 short sword.
The adder bites you but does no damage.
You hit the adder.
The adder is lightly wounded.
You feel sick.
The quokka bites you but does no damage.
The adder bites you.
* * * LOW HITPOINT WARNING * * *
You are more poisoned.
The adder poisons you! You block the ball python's attack.
The ball python constricts you.
* * * LOW HITPOINT WARNING * * *
The kobold hits you but does no damage.
The quokka bites you but does no damage.
The adder bites you.
* * * LOW HITPOINT WARNING * * *
You barely miss the adder.
The adder is lightly wounded.
* * * LOW HITPOINT WARNING * * *
You feel sick.
The ball python bites you but does no damage.
The ball python constricts you. You block the quokka's attack.
The kobold hits you with a +0 short sword.
You die...

.# #......###........
...###.........##.##..
#..#.......######.####
.##.............##...##.
.. .#..................
##.##....#..#..........
.........#....##.#.....
.##.##Kr.......##.#.##..
.......@....#.....#.##..
.##..#SS................
##......#.#.####...#..
........#.#..#...#†#..
#####....#.##.#.###.#..
##.....##.. #.#.. #...##
#..####.#.. #..##
#....#..### #...##


You could see an adder, a quokka, a ball python and a kobold.

Vanquished Creatures
  2 dart slugs (D:1)
  An endoplasm (D:1)
  4 goblins
  A hobgoblin (D:1)
  3 jackals (D:1)
  A quokka (D:1)
  3 ball pythons
  5 bats
  A frilled lizard (D:1)
  A kobold (D:1)
  2 rats (D:1)
24 creatures vanquished.

Notes
Turn   | Place    | Note
-------+----------+-------------------------------------------
     0 | D:1      | alasdair19 the Minotaur Fighter began the quest for the
                  | Orb.
     0 | D:1      | Reached XP level 1. HP: 19/19 MP: 0/0
   128 | D:1      | Found a faded altar of an unknown god.
   145 | D:1      | Reached XP level 2. HP: 27/27 MP: 1/1
   635 | D:2      | Reached XP level 3. HP: 33/33 MP: 2/2
   681 | D:2      | Slain by a kobold

Illustrated notes

Levels and vault maps discovered:
D:1:      dpeg_arrival_rooms_a, layout_basic,
          hellmonk_ecumenical_altar_arch_garden, minmay_tromino_v4_a
D:2:      layout_rooms, nrook_mini_vaults, supply_closet_lemuel

Skill      XL: |  1  2 |
---------------+-------+-----
Armour         | 4 |  4.1
Shields        | 4 |  4.1
Fighting       | 4 |  4.0
Long Blades    | |  2.9

Action                   || total
-------------------------++-------
Melee: Long sword        ||    58
       Headbutt          ||    11
Armor: Scale mail        ||     6
       Chain mail        ||    33
Dodge: Dodged            ||    18
Block: Kite shield       ||    43
       Rpst.: Long sword ||     5
